Canadiens vs Maple Leafs (R1)

Created - November 5, 2018 at 19:22

Goals
1 2 3 T
Canadiens 0 0 2 2
Maple Leafs 0 0 1 1
Shots
1 2 3 T
Canadiens 17 9 7 33
Maple Leafs 12 4 5 21

1st period

No Goal

Penalties :
Artemi Panarin (Tor) for Interference (Minor) at 3:40, Marc-Édouard Vlasic (Tor) for Interference (Minor) at 10:29

2nd period

No Goal

Penalties :
Raphael Diaz (Mon) for High sticking (Minor) at 0:25, Adam Pardy (Mon) for Tripping (Minor) at 7:04, Shaone Morrisonn (Mon) for Roughing (Minor) at 11:45, Gilbert Brule (Tor) for Holding Stick (Minor) at 12:58, Artemi Panarin (Tor) for Tripping (Minor) at 17:50

3rd period

1. Maple Leafs , Mark Scheifele 5 (Ben Smith 4, Marc-Édouard Vlasic 2) at 11:08
2. Canadiens , Raphael Diaz 1 (Wes O'Neill 5, Brett Maclean 1) at 14:05
3. Canadiens , Brock Nelson 2 (Enver Lisin 2, Luke Schenn 8) at 18:54

Penalties :
Luke Schenn (Mon) for Hooking (Minor) at 2:18, Tobias Enstrom (Tor) for Holding (Minor) at 6:45, Raphael Diaz (Mon) for Tripping (Minor) at 11:11, Alex Killorn (Tor) for Interference (Minor) at 14:56

Goalie Stats

Henrik Lundqvist (Mon), 20 saves from 21 shots - (0.952), W, 5-4-1, 60:00 minutes
Marc-André Fleury (Tor), 31 saves from 33 shots - (0.939), L, 2-6-0, 60:00 minutes

Players Stats for Canadiens

Player Name              G  A  P  +/- PIM S  H  SB GA TA FO     MP     PP MP  PK MP  
------------------------------------------------------------------------------------
Adam Pardy               0  0  0   0  2   0  1  0  0  0  0/0    12:12   0:07   0:54 
Alexander Frolov         0  0  0   1  0   2  3  0  0  0  0/0    15:17   5:21   1:24 
Brett Maclean            0  1  1   1  0   4  1  0  0  0  0/0    14:01   0:00   2:08 
Brock Nelson             1  0  1   1  0   2  0  0  1  0  0/0     6:52   0:00   0:00 
David Jones              0  0  0   0  0   1  3  0  0  0  1/1    11:03   0:19   0:00 
Dustin Boyd              0  0  0   0  0   3  0  0  2  0  1/3    11:44   0:41   0:00 
Dustin Kohn              0  0  0   0  0   0  2  0  2  0  0/0    14:18   0:00   3:41 
Enver Lisin              0  1  1   1  0   5  1  0  0  0  0/0     7:10   0:18   0:00 
Evgeny Dadonov           0  0  0   0  0   2  2  0  0  1  0/0    12:54   5:21   0:00 
Greg Stewart             0  0  0  -1  0   0  2  0  0  0  0/0    20:33   5:21   2:33 
Jason Spezza             0  0  0   0  0   3  1  0  0  1  7/13   18:35   5:21   4:57 
Joe Pavelski             0  0  0  -1  0   2  0  0  0  0  1/1    20:33   5:21   2:33 
Luke Schenn              0  1  1   0  2   3  3  0  0  1  0/0    26:01   5:53   4:12 
Marcel Goc               0  0  0   1  0   0  0  0  0  0  1/2     6:52   0:00   0:00 
Raphael Diaz             1  0  1   0  4   3  3  2  0  1  0/0    24:15   5:53   2:49 
Shaone Morrisonn         0  0  0   1  2   0  0  1  0  1  0/0    21:13   5:15   2:54 
Sidney Crosby            0  0  0  -1  0   3  8  2  4  1  10/29  23:04   5:14   4:43 
Wes O'Neill              0  1  1   2  0   0  0  2  0  0  0/0    23:23   5:15   3:48 

Players Stats for Maple Leafs

Player Name              G  A  P  +/- PIM S  H  SB GA TA FO     MP     PP MP  PK MP  
------------------------------------------------------------------------------------
Alex Killorn             0  0  0   0  2   0  1  0  1  0  0/0     9:39   0:00   0:00 
Artemi Panarin           0  0  0   0  4   0  1  0  0  0  0/1    19:51   4:38   3:17 
Ben Smith                0  1  1   1  0   0  0  0  0  0  1/2    14:32   4:30   0:00 
Blake Comeau             0  0  0   0  0   1  0  1  1  0  0/0     9:58   0:01   0:00 
Braydon Coburn           0  0  0   0  0   0  1  0  0  0  0/0    24:43   3:50   6:46 
Claude Giroux            0  0  0   0  0   2  4  0  1  2  7/10   22:59   4:38   5:41 
Eric Nystrom             0  0  0  -2  0   2  2  0  1  0  0/0    10:34   0:01   3:30 
Fabian Brunnstrom        0  0  0   1  0   1  5  0  0  0  0/0    14:59   4:30   0:16 
Gilbert Brule            0  0  0   0  2   2  6  1  0  1  2/3    17:47   4:29   3:09 
Jeremy Morin             0  0  0  -2  0   0  0  1  0  0  0/1     6:30   0:00   0:00 
John Klingberg           0  0  0   0  0   0  1  2  0  2  0/0    21:10   5:19   0:00 
Jordan Staal             0  0  0   0  0   4  1  1  0  0  16/26  22:58   4:38   5:40 
Marc-Édouard Vlasic      0  1  1   0  2   1  1  1  1  0  0/0    18:26   3:50   1:39 
Mark Scheifele           1  0  1   1  0   3  0  0  0  0  1/4    11:26   0:01   0:43 
Ryan Parent              0  0  0  -1  0   1  1  1  0  1  0/0    14:13   0:00   4:35 
Taylor Chorney           0  0  0  -1  0   0  0  1  1  0  0/0    16:29   0:00   6:17 
Tobias Enstrom           0  0  0   0  2   3  0  2  0  3  0/0    25:16   5:19   2:59 
Zac Dalpe                0  0  0  -2  0   1  1  0  0  0  1/2     6:30   0:00   0:00 

3 Stars

1 - Brock Nelson (Mon)
2 - Wes O'Neill (Mon)
3 - Henrik Lundqvist (Mon)

Power Play

Canadiens - 0 on 6 Attempt(s) - 0.00%
Maple Leafs - 0 on 5 Attempt(s) - 0.00%

Penalty Kill

Canadiens - 5 on 5 Attempt(s) - 100.00% - Score 0 goal in Penalty Kill
Maple Leafs - 6 on 6 Attempt(s) - 100.00% - Score 0 goal in Penalty Kill

Team Stat

Canadiens - Hits : 30 - Faceoff Wins : 21 - Blocked Shots : 7 - Penalty Minutes : 10
Maple Leafs - Hits : 25 - Faceoff Wins : 28 - Blocked Shots : 11 - Penalty Minutes : 12

Official

Referees : Unknown
Linesman : Unknown

Game Notes

No Game Note

Finance

Level 1 -- Attendance: 5880 (98.00%) -- Ticket Income $529,200
Level 2 -- Attendance: 5000 (100.00%) -- Ticket Income $275,000
Level 3 -- Attendance: 1848 (92.40%) -- Ticket Income $66,528
Level 4 -- Attendance: 4000 (100.00%) -- Ticket Income $100,000
Luxury Box -- Attendance: 954 (95.40%) -- Ticket Income $147,870
Game was played at the Maple Leafs Garden.
Total Attendance: 17682 (98.23%)
Total Ticket Income: $1,118,598
Other Income: $167,790
Total Income: $1,286,388

Canadiens

5 vs 5 Forward 
   Center                   Left Wing                Right Wing               Time % Phy DF OF 
 1 Sidney Crosby            Greg Stewart             Joe Pavelski             40     1   2  2  
 2 Jason Spezza             Alexander Frolov         Evgeny Dadonov           30     1   2  2  
 3 Dustin Boyd              Brett Maclean            David Jones              20     1   2  2  
 4 Marcel Goc               Brock Nelson             Enver Lisin              10     1   2  2  

5 vs 5 Defense 
   Defense                  Defense                                           Time % Phy DF OF 
 1 Luke Schenn              Raphael Diaz                                      40     1   2  2  
 2 Wes O'Neill              Shaone Morrisonn                                  30     1   2  2  
 3 Adam Pardy               Dustin Kohn                                       20     1   2  2  
 4 Luke Schenn              Raphael Diaz                                      10     1   2  2  

PowerPlay Forward 
   Center                   Left Wing                Right Wing               Time % Phy DF OF 
 1 Sidney Crosby            Greg Stewart             Joe Pavelski             60     1   2  2  
 2 Jason Spezza             Alexander Frolov         Evgeny Dadonov           40     1   2  2  

PowerPlay Defense
   Defense                  Defense                                           Time % Phy DF OF 
 1 Luke Schenn              Raphael Diaz                                      60     1   2  2  
 2 Wes O'Neill              Shaone Morrisonn                                  40     1   2  2  

Penalty Kill 4 Players Forward 
   Center                   Wing                     Time % Phy DF OF 
 1 Sidney Crosby            Jason Spezza             60     1   2  2  
 2 Joe Pavelski             Greg Stewart             40     1   2  2  

Penalty Kill 4 Players Defense
   Defense                  Defense                  Time % Phy DF OF 
 1 Luke Schenn              Raphael Diaz             60     1   2  2  
 2 Wes O'Neill              Shaone Morrisonn         40     1   2  2  

Penalty Kill - 3 Players Forward 
   Forward                                           Time % Phy DF OF 
 1 Sidney Crosby                                     60     1   2  2  
 2 Jason Spezza                                      40     1   2  2  

Penalty Kill - 3 Players Defense
   Defense                  Defense                  Time % Phy DF OF 
 1 Luke Schenn              Raphael Diaz             60     1   2  2  
 2 Wes O'Neill              Shaone Morrisonn         40     1   2  2  

4 vs 4 Forward 
   Center                   Wing                     Time % Phy DF OF 
 1 Sidney Crosby            Jason Spezza             60     1   2  2  
 2 Joe Pavelski             Greg Stewart             40     1   2  2  

4 vs 4 Defense
   Defense                  Defense                  Time % Phy DF OF 
 1 Luke Schenn              Raphael Diaz             60     1   2  2  
 2 Wes O'Neill              Shaone Morrisonn         40     1   2  2  

Last Minutes Offensive
   Center                   Left Wing                Right Wing               Defense                  Defense                  
   Sidney Crosby            Greg Stewart             Joe Pavelski             Luke Schenn              Raphael Diaz             

Last Minutes Defensive
   Center                   Left Wing                Right Wing               Defense                  Defense                  
   Sidney Crosby            Greg Stewart             Joe Pavelski             Luke Schenn              Raphael Diaz             

Goaltenders
Starting : Henrik Lundqvist         
Backup : Allen York               

Extra Forwards
Normal : Dustin Boyd, David Jones, Brett Maclean - PP : Dustin Boyd, David Jones - PK : Brett Maclean
Extra Defensemen
Normal : Adam Pardy, Dustin Kohn, Wes O'Neill - PP : Adam Pardy - PK : Dustin Kohn, Wes O'Neill
Penalty Shots
Sidney Crosby, Jason Spezza, Joe Pavelski, Greg Stewart, Alexander Frolov

Scratches
Vitaly Vishnevsky (Strained Back Injury)

Maple Leafs

5 vs 5 Forward 
   Center                   Left Wing                Right Wing               Time % Phy DF OF 
 1 Jordan Staal             Artemi Panarin           Claude Giroux            40     1   2  2  
 2 Mark Scheifele           Fabian Brunnstrom        Ben Smith                30     1   2  2  
 3 Gilbert Brule            Alex Killorn             Blake Comeau             20     1   2  2  
 4 Zac Dalpe                Eric Nystrom             Jeremy Morin             10     1   2  2  

5 vs 5 Defense 
   Defense                  Defense                                           Time % Phy DF OF 
 1 Tobias Enstrom           John Klingberg                                    40     1   2  2  
 2 Braydon Coburn           Marc-Édouard Vlasic                               30     1   2  2  
 3 Taylor Chorney           Ryan Parent                                       20     1   2  2  
 4 Tobias Enstrom           Braydon Coburn                                    10     1   2  2  

PowerPlay Forward 
   Center                   Left Wing                Right Wing               Time % Phy DF OF 
 1 Jordan Staal             Artemi Panarin           Claude Giroux            60     1   2  2  
 2 Gilbert Brule            Fabian Brunnstrom        Ben Smith                40     1   2  2  

PowerPlay Defense
   Defense                  Defense                                           Time % Phy DF OF 
 1 Tobias Enstrom           John Klingberg                                    60     1   2  2  
 2 Marc-Édouard Vlasic      Braydon Coburn                                    40     1   2  2  

Penalty Kill 4 Players Forward 
   Center                   Wing                     Time % Phy DF OF 
 1 Claude Giroux            Jordan Staal             60     1   2  2  
 2 Gilbert Brule            Artemi Panarin           40     1   2  2  

Penalty Kill 4 Players Defense
   Defense                  Defense                  Time % Phy DF OF 
 1 Taylor Chorney           Braydon Coburn           60     1   2  2  
 2 Tobias Enstrom           Ryan Parent              40     1   2  2  

Penalty Kill - 3 Players Forward 
   Forward                                           Time % Phy DF OF 
 1 Claude Giroux                                     60     1   2  2  
 2 Jordan Staal                                      40     1   2  2  

Penalty Kill - 3 Players Defense
   Defense                  Defense                  Time % Phy DF OF 
 1 Taylor Chorney           Braydon Coburn           60     1   2  2  
 2 Tobias Enstrom           Ryan Parent              40     1   2  2  

4 vs 4 Forward 
   Center                   Wing                     Time % Phy DF OF 
 1 Claude Giroux            Jordan Staal             60     1   2  2  
 2 Gilbert Brule            Artemi Panarin           40     1   2  2  

4 vs 4 Defense
   Defense                  Defense                  Time % Phy DF OF 
 1 Tobias Enstrom           Braydon Coburn           60     1   2  2  
 2 Taylor Chorney           Ryan Parent              40     1   2  2  

Last Minutes Offensive
   Center                   Left Wing                Right Wing               Defense                  Defense                  
   Jordan Staal             Artemi Panarin           Claude Giroux            Tobias Enstrom           John Klingberg           

Last Minutes Defensive
   Center                   Left Wing                Right Wing               Defense                  Defense                  
   Jordan Staal             Artemi Panarin           Claude Giroux            Taylor Chorney           Braydon Coburn           

Goaltenders
Starting : Marc-André Fleury        
Backup : Thomas McCollum          

Extra Forwards
Normal : Mark Scheifele, Ben Smith, Eric Nystrom - PP : Mark Scheifele, Ben Smith - PK : Eric Nystrom
Extra Defensemen
Normal : Marc-Édouard Vlasic, John Klingberg, Taylor Chorney - PP : Marc-Édouard Vlasic - PK : Ryan Parent, Taylor Chorney
Penalty Shots
Claude Giroux, Jordan Staal, Gilbert Brule, Artemi Panarin, Fabian Brunnstrom

Scratches
None


% Time on Ice - Canadiens

Lines # - Real PCT - Wanted PCT - Time Play
Normal Forward
1 - 34% - 40% - 12:54
2 - 21% - 30% - 7:53
3 - 27% - 20% - 10:13
4 - 18% - 10% - 6:52
Normal Defense
1 - 39% - 40% - 14:48
2 - 35% - 30% - 13:05
3 - 26% - 20% - 9:59
4 - 0% - 10% - 0:00
PP Forward
1 - 52% - 60% - 5:47
2 - 48% - 40% - 5:21
PP Defense
1 - 53% - 60% - 5:53
2 - 47% - 40% - 5:15
PK Forward
1 - 72% - 60% - 6:36
2 - 28% - 40% - 2:33
PK Defense
1 - 60% - 60% - 5:29
2 - 40% - 40% - 3:40
PK3 Forward
1 - 0% - 60%
2 - 0% - 40%
PK3 Defense
1 - 0% - 60%
2 - 0% - 40%
44 Forward
1 - 76% - 60% - 0:35
2 - 24% - 40% - 0:11
44 Defense
1 - 57% - 60% - 0:26
2 - 43% - 40% - 0:20
Last Minute Offensive  - 0:00
Last Minute Defensive  - 1:05
Total
Forward - 60:00
Defense - 60:00

% Time on Ice - Maple Leafs

Lines # - Real PCT - Wanted PCT - Time Play
Normal Forward
1 - 31% - 40% - 11:40
2 - 27% - 30% - 10:05
3 - 25% - 20% - 9:37
4 - 17% - 10% - 6:30
Normal Defense
1 - 40% - 40% - 15:14
2 - 33% - 30% - 12:29
3 - 24% - 20% - 9:09
4 - 3% - 10% - 1:00
PP Forward
1 - 51% - 60% - 4:39
2 - 49% - 40% - 4:30
PP Defense
1 - 58% - 60% - 5:19
2 - 42% - 40% - 3:50
PK Forward
1 - 67% - 60% - 7:28
2 - 33% - 40% - 3:40
PK Defense
1 - 59% - 60% - 6:33
2 - 41% - 40% - 4:35
PK3 Forward
1 - 0% - 60%
2 - 0% - 40%
PK3 Defense
1 - 0% - 60%
2 - 0% - 40%
44 Forward
1 - 89% - 60% - 0:41
2 - 11% - 40% - 0:05
44 Defense
1 - 89% - 60% - 0:41
2 - 11% - 40% - 0:05
Last Minute Offensive  - 1:05
Last Minute Defensive  - 0:00
Total
Forward - 60:00
Defense - 60:00

Play by Play

1st period


0:01 of 1st period - Claude Giroux wins face-off versus Sidney Crosby in neutral zone.
0:16 of 1st period - Slapshot by Sidney Crosby.
0:16 of 1st period - Shot Misses the Net.
0:59 of 1st period - Wrist shot by Tobias Enstrom.
0:59 of 1st period - Stopped by Henrik Lundqvist with a rebound.
1:17 of 1st period - Backhand shot by Eric Nystrom.
1:17 of 1st period - Stopped by Henrik Lundqvist without a rebound.
1:18 of 1st period - Jordan Staal wins face-off versus Sidney Crosby in Canadiens zone.
1:30 of 1st period - Icing by Adam Pardy.
1:31 of 1st period - Sidney Crosby wins face-off versus Mark Scheifele in Canadiens zone.
3:10 of 1st period - Snap shot by Sidney Crosby.
3:10 of 1st period - Shot Misses the Net.
3:12 of 1st period - Slapshot by Adam Pardy.
3:12 of 1st period - Deflect By Joe Pavelski.
3:12 of 1st period - Shot Misses the Net.
3:12 of 1st period - Puck is out of play.
3:13 of 1st period - Jordan Staal wins face-off versus Jason Spezza in Maple Leafs zone.
3:13 of 1st period - Jordan Staal is hit by Evgeny Dadonov.
3:40 of 1st period - Minor Penalty to Artemi Panarin for Interference.
3:41 of 1st period - Claude Giroux wins face-off versus Jason Spezza in Maple Leafs zone.
3:50 of 1st period - Jordan Staal is hit by Luke Schenn and loses puck.
5:01 of 1st period - Snap shot by Enver Lisin.
5:01 of 1st period - Stopped by Marc-André Fleury without a rebound.
5:02 of 1st period - Gilbert Brule wins face-off versus Sidney Crosby in Maple Leafs zone.
5:34 of 1st period - Icing by Jason Spezza.
5:35 of 1st period - Gilbert Brule wins face-off versus Sidney Crosby in Canadiens zone.
5:36 of 1st period - Slapshot by Tobias Enstrom.
5:36 of 1st period - Shot Blocked by Sidney Crosby.
5:40 of 1st period - Penalty to Artemi Panarin is over, Artemi Panarin is back on ice.
6:05 of 1st period - Off-side.
6:06 of 1st period - Marcel Goc wins face-off versus Zac Dalpe in neutral zone.
6:33 of 1st period - Jason Spezza is hit by Jordan Staal and loses puck.
6:52 of 1st period - Snap shot by Dustin Boyd.
6:52 of 1st period - Shot Misses the Net.
6:54 of 1st period - Wrist shot by Wes O'Neill.
6:54 of 1st period - Shot Blocked by Tobias Enstrom.
6:56 of 1st period - Snap shot by Brett Maclean.
6:56 of 1st period - Stopped by Marc-André Fleury with a rebound.
6:58 of 1st period - Snap shot by Brett Maclean.
6:58 of 1st period - Stopped by Marc-André Fleury with a rebound.
7:00 of 1st period - Slapshot by Shaone Morrisonn.
7:00 of 1st period - Shot Misses the Net.
7:24 of 1st period - Slapshot by John Klingberg.
7:24 of 1st period - Shot Blocked by Wes O'Neill.
7:36 of 1st period - Snap shot by Marcel Goc.
7:36 of 1st period - Deflect By Enver Lisin.
7:36 of 1st period - Stopped by Marc-André Fleury with a rebound.
7:52 of 1st period - Snap shot by Enver Lisin.
7:52 of 1st period - Stopped by Marc-André Fleury with a rebound.
7:54 of 1st period - Snap shot by Jason Spezza.
7:54 of 1st period - Stopped by Marc-André Fleury without a rebound.
7:55 of 1st period - Jason Spezza wins face-off versus Jeremy Morin in Maple Leafs zone.
7:56 of 1st period - Wrist shot by Evgeny Dadonov.
7:56 of 1st period - Stopped by Marc-André Fleury with a rebound.
7:58 of 1st period - Wrist shot by Alexander Frolov.
7:58 of 1st period - Stopped by Marc-André Fleury without a rebound.
7:59 of 1st period - Jason Spezza wins face-off versus Jordan Staal in Maple Leafs zone.
8:00 of 1st period - Wrist shot by Evgeny Dadonov.
8:00 of 1st period - Shot Blocked by Marc-Édouard Vlasic.
8:02 of 1st period - Slapshot by Luke Schenn.
8:02 of 1st period - Shot Blocked by Jordan Staal.
8:04 of 1st period - Snap shot by Evgeny Dadonov.
8:04 of 1st period - Shot Misses the Net.
8:06 of 1st period - Slapshot by Luke Schenn.
8:06 of 1st period - Stopped by Marc-André Fleury with a rebound.
8:08 of 1st period - Slapshot by Luke Schenn.
8:08 of 1st period - Stopped by Marc-André Fleury without a rebound.
8:09 of 1st period - Jordan Staal wins face-off versus Jason Spezza in Maple Leafs zone.
8:09 of 1st period - Jordan Staal is hit by Alexander Frolov.
8:35 of 1st period - Raphael Diaz is hit by John Klingberg and loses puck.
9:00 of 1st period - Slapshot by Luke Schenn.
9:00 of 1st period - Stopped by Marc-André Fleury with a rebound.
9:02 of 1st period - Slapshot by Raphael Diaz.
9:02 of 1st period - Stopped by Marc-André Fleury with a rebound.
9:04 of 1st period - Slapshot by Raphael Diaz.
9:04 of 1st period - Stopped by Marc-André Fleury without a rebound.
9:05 of 1st period - Jordan Staal wins face-off versus Dustin Boyd in Maple Leafs zone.
9:16 of 1st period - Snap shot by Claude Giroux.
9:16 of 1st period - Stopped by Henrik Lundqvist without a rebound.
9:17 of 1st period - Jordan Staal wins face-off versus Jason Spezza in Canadiens zone.
9:18 of 1st period - Wrist shot by Claude Giroux.
9:18 of 1st period - Deflect By Jordan Staal.
9:18 of 1st period - Stopped by Henrik Lundqvist without a rebound.
9:19 of 1st period - Jordan Staal wins face-off versus Jason Spezza in Canadiens zone.
10:29 of 1st period - Minor Penalty to Marc-Édouard Vlasic for Interference.
10:30 of 1st period - Claude Giroux wins face-off versus Sidney Crosby in Maple Leafs zone.
10:56 of 1st period - Taylor Chorney is hit by Alexander Frolov and loses puck.
12:29 of 1st period - Penalty to Marc-Édouard Vlasic is over, Marc-Édouard Vlasic is back on ice.
12:31 of 1st period - Marc-Édouard Vlasic is hit by David Jones and loses puck.
12:46 of 1st period - Gilbert Brule is hit by Enver Lisin and loses puck.
12:53 of 1st period - Wrist shot by Enver Lisin.
12:53 of 1st period - Stopped by Marc-André Fleury with a rebound.
12:55 of 1st period - Slapshot by Adam Pardy.
12:55 of 1st period - Shot Blocked by Gilbert Brule.
13:10 of 1st period - Snap shot by Eric Nystrom.
13:10 of 1st period - Shot Misses the Net.
13:12 of 1st period - Snap shot by Eric Nystrom.
13:12 of 1st period - Stopped by Henrik Lundqvist with a rebound.
13:14 of 1st period - Wrist shot by Zac Dalpe.
13:14 of 1st period - Stopped by Henrik Lundqvist without a rebound.
13:15 of 1st period - Mark Scheifele wins face-off versus Marcel Goc in Canadiens zone.
13:24 of 1st period - Wrist shot by Mark Scheifele.
13:24 of 1st period - Stopped by Henrik Lundqvist with a rebound.
13:30 of 1st period - Tobias Enstrom is hit by Adam Pardy and loses puck.
13:51 of 1st period - Tobias Enstrom is hit by Luke Schenn and loses puck.
14:02 of 1st period - Wes O'Neill is hit by Gilbert Brule and loses puck.
14:13 of 1st period - Gilbert Brule is hit by David Jones and loses puck.
14:20 of 1st period - Shaone Morrisonn is hit by Gilbert Brule and loses puck.
14:31 of 1st period - Snap shot by Gilbert Brule.
14:31 of 1st period - Stopped by Henrik Lundqvist with a rebound.
14:33 of 1st period - Slapshot by Ryan Parent.
14:33 of 1st period - Deflect By Gilbert Brule.
14:33 of 1st period - Stopped by Henrik Lundqvist with a rebound.
15:24 of 1st period - Shaone Morrisonn is hit by Alex Killorn and loses puck.
16:13 of 1st period - Wrist shot by Gilbert Brule.
16:13 of 1st period - Shot Misses the Net.
16:15 of 1st period - Wrist shot by Blake Comeau.
16:15 of 1st period - Stopped by Henrik Lundqvist with a rebound.
16:17 of 1st period - Slapshot by Tobias Enstrom.
16:17 of 1st period - Stopped by Henrik Lundqvist with a rebound.
16:19 of 1st period - Snap shot by Blake Comeau.
16:19 of 1st period - Shot Misses the Net.
16:21 of 1st period - Slapshot by Ryan Parent.
16:21 of 1st period - Stopped by Henrik Lundqvist with a rebound.
16:31 of 1st period - Snap shot by Dustin Boyd.
16:31 of 1st period - Stopped by Marc-André Fleury with a rebound.
16:54 of 1st period - Snap shot by Dustin Boyd.
16:54 of 1st period - Shot Blocked by Tobias Enstrom.
17:34 of 1st period - Snap shot by Gilbert Brule.
17:34 of 1st period - Shot Blocked by Shaone Morrisonn.
18:11 of 1st period - Wrist shot by Dustin Boyd.
18:11 of 1st period - Stopped by Marc-André Fleury with a rebound.
18:13 of 1st period - Snap shot by David Jones.
18:13 of 1st period - Stopped by Marc-André Fleury without a rebound.
18:14 of 1st period - Jordan Staal wins face-off versus Sidney Crosby in Maple Leafs zone.
18:14 of 1st period - Jordan Staal is hit by Sidney Crosby.
18:40 of 1st period - Braydon Coburn is hit by Jason Spezza and loses puck.
19:11 of 1st period - Snap shot by Marcel Goc.
19:11 of 1st period - Shot Blocked by Jeremy Morin.
19:21 of 1st period - Raphael Diaz is hit by Claude Giroux and loses puck.
19:34 of 1st period - Mark Scheifele is hit by Dustin Kohn and loses puck.
19:51 of 1st period - Marc-Édouard Vlasic is hit by Sidney Crosby and loses puck.
Goals for this period are 0 for Canadiens vs 0 for Maple Leafs.
Shots for this period are 17 for Canadiens vs 12 for Maple Leafs.

2nd period


0:01 of 2nd period - Jordan Staal wins face-off versus Sidney Crosby in neutral zone.
0:04 of 2nd period - Wrist shot by Claude Giroux.
0:04 of 2nd period - Shot Blocked by Sidney Crosby.
0:16 of 2nd period - Wrist shot by Joe Pavelski.
0:16 of 2nd period - Shot Misses the Net.
0:25 of 2nd period - Minor Penalty to Raphael Diaz for High sticking.
0:26 of 2nd period - Jordan Staal wins face-off versus Sidney Crosby in Canadiens zone.
0:28 of 2nd period - Snap shot by Jordan Staal.
0:28 of 2nd period - Stopped by Henrik Lundqvist without a rebound.
0:29 of 2nd period - Claude Giroux wins face-off versus Sidney Crosby in Canadiens zone.
0:44 of 2nd period - Wrist shot by Jason Spezza.
0:44 of 2nd period - Shot Misses the Net.
1:10 of 2nd period - Snap shot by Joe Pavelski.
1:10 of 2nd period - Shot Misses the Net.
1:12 of 2nd period - Wrist shot by Greg Stewart.
1:12 of 2nd period - Shot Misses the Net.
1:14 of 2nd period - Slapshot by Shaone Morrisonn.
1:14 of 2nd period - Deflect By Greg Stewart.
1:14 of 2nd period - Shot Misses the Net.
1:14 of 2nd period - Puck is out of play.
1:15 of 2nd period - Jordan Staal wins face-off versus Sidney Crosby in Maple Leafs zone.
2:21 of 2nd period - Luke Schenn is hit by Claude Giroux and loses puck.
2:25 of 2nd period - Penalty to Raphael Diaz is over, Raphael Diaz is back on ice.
2:34 of 2nd period - Adam Pardy is hit by Eric Nystrom.
2:56 of 2nd period - Ryan Parent is hit by Raphael Diaz and loses puck.
3:32 of 2nd period - Snap shot by Jason Spezza.
3:32 of 2nd period - Stopped by Marc-André Fleury without a rebound.
3:33 of 2nd period - Zac Dalpe wins face-off versus Sidney Crosby in Maple Leafs zone.
4:29 of 2nd period - Snap shot by Fabian Brunnstrom.
4:29 of 2nd period - Stopped by Henrik Lundqvist with a rebound.
4:31 of 2nd period - Slapshot by Marc-Édouard Vlasic.
4:31 of 2nd period - Stopped by Henrik Lundqvist without a rebound.
4:32 of 2nd period - Jordan Staal wins face-off versus Sidney Crosby in Canadiens zone.
5:21 of 2nd period - Brock Nelson is hit by Zac Dalpe and loses puck.
5:48 of 2nd period - Wrist shot by Greg Stewart.
5:48 of 2nd period - Deflect By Sidney Crosby.
5:48 of 2nd period - Shot Blocked by Taylor Chorney.
5:48 of 2nd period - Puck is out of play.
5:49 of 2nd period - Jason Spezza wins face-off versus Mark Scheifele in Maple Leafs zone.
6:04 of 2nd period - Snap shot by Alexander Frolov.
6:04 of 2nd period - Shot Misses the Net.
6:18 of 2nd period - Wrist shot by Joe Pavelski.
6:18 of 2nd period - Stopped by Marc-André Fleury without a rebound.
6:19 of 2nd period - Sidney Crosby wins face-off versus Jordan Staal in Maple Leafs zone.
6:25 of 2nd period - Off-side.
6:26 of 2nd period - Sidney Crosby wins face-off versus Claude Giroux in neutral zone.
6:44 of 2nd period - Artemi Panarin is hit by Sidney Crosby and loses puck.
7:04 of 2nd period - Minor Penalty to Adam Pardy for Tripping.
7:05 of 2nd period - Ben Smith wins face-off versus Sidney Crosby in Canadiens zone.
7:31 of 2nd period - Claude Giroux is hit by Raphael Diaz and loses puck.
8:27 of 2nd period - Snap shot by Alexander Frolov.
8:27 of 2nd period - Stopped by Marc-André Fleury with a rebound.
8:55 of 2nd period - Luke Schenn is hit by Gilbert Brule and loses puck.
9:04 of 2nd period - Penalty to Adam Pardy is over, Adam Pardy is back on ice.
10:18 of 2nd period - Snap shot by Marcel Goc.
10:18 of 2nd period - Shot Blocked by Blake Comeau.
10:28 of 2nd period - Shaone Morrisonn is hit by Eric Nystrom.
11:10 of 2nd period - Icing by Jordan Staal.
11:11 of 2nd period - Jason Spezza wins face-off versus Jordan Staal in Maple Leafs zone.
11:36 of 2nd period - Slapshot by John Klingberg.
11:36 of 2nd period - Shot Misses the Net.
11:38 of 2nd period - Slapshot by John Klingberg.
11:38 of 2nd period - Shot Blocked by Wes O'Neill.
11:45 of 2nd period - Minor Penalty to Shaone Morrisonn for Roughing.
11:46 of 2nd period - Jordan Staal wins face-off versus Sidney Crosby in Canadiens zone.
11:46 of 2nd period - Wrist shot by Claude Giroux.
11:46 of 2nd period - Shot Misses the Net.
11:56 of 2nd period - Snap shot by Jordan Staal.
11:56 of 2nd period - Shot Misses the Net.
12:58 of 2nd period - Minor Penalty to Gilbert Brule for Holding Stick.
12:59 of 2nd period - Claude Giroux wins face-off versus Sidney Crosby in Maple Leafs zone.
13:12 of 2nd period - Wrist shot by Jordan Staal.
13:12 of 2nd period - Stopped by Henrik Lundqvist with a rebound.
13:45 of 2nd period - Penalty to Shaone Morrisonn is over, Shaone Morrisonn is back on ice.
13:46 of 2nd period - Ryan Parent is hit by Sidney Crosby and loses puck.
13:51 of 2nd period - Slapshot by Sidney Crosby.
13:51 of 2nd period - Stopped by Marc-André Fleury without a rebound.
13:52 of 2nd period - Sidney Crosby wins face-off versus Claude Giroux in Maple Leafs zone.
14:50 of 2nd period - Greg Stewart is hit by Ryan Parent and loses puck.
14:58 of 2nd period - Penalty to Gilbert Brule is over, Gilbert Brule is back on ice.
15:20 of 2nd period - Icing by Jordan Staal.
15:21 of 2nd period - Dustin Boyd wins face-off versus Claude Giroux in Maple Leafs zone.
15:22 of 2nd period - Snap shot by Brett Maclean.
15:22 of 2nd period - Stopped by Marc-André Fleury without a rebound.
15:23 of 2nd period - Jason Spezza wins face-off versus Mark Scheifele in Maple Leafs zone.
15:26 of 2nd period - Wrist shot by Evgeny Dadonov.
15:26 of 2nd period - Stopped by Marc-André Fleury without a rebound.
15:27 of 2nd period - Jason Spezza wins face-off versus Ben Smith in Maple Leafs zone.
16:24 of 2nd period - Wrist shot by Enver Lisin.
16:24 of 2nd period - Shot Misses the Net.
16:26 of 2nd period - Slapshot by Brock Nelson.
16:26 of 2nd period - Shot Misses the Net.
16:28 of 2nd period - Wrist shot by Brock Nelson.
16:28 of 2nd period - Stopped by Marc-André Fleury with a rebound.
16:30 of 2nd period - Snap shot by Enver Lisin.
16:30 of 2nd period - Stopped by Marc-André Fleury with a rebound.
17:00 of 2nd period - Adam Pardy is hit by Fabian Brunnstrom and loses puck.
17:33 of 2nd period - Wrist shot by Joe Pavelski.
17:33 of 2nd period - Stopped by Marc-André Fleury with a rebound.
17:35 of 2nd period - Wrist shot by Sidney Crosby.
17:35 of 2nd period - Shot Misses the Net.
17:50 of 2nd period - Minor Penalty to Artemi Panarin for Tripping.
17:51 of 2nd period - Claude Giroux wins face-off versus Sidney Crosby in Maple Leafs zone.
17:51 of 2nd period - Claude Giroux is hit by Sidney Crosby.
18:00 of 2nd period - Taylor Chorney is hit by Greg Stewart and loses puck.
18:31 of 2nd period - Snap shot by Evgeny Dadonov.
18:31 of 2nd period - Shot Misses the Net.
19:07 of 2nd period - Wes O'Neill is hit by Gilbert Brule and loses puck.
19:14 of 2nd period - Marc-Édouard Vlasic is hit by Greg Stewart and loses puck.
19:31 of 2nd period - Alexander Frolov is hit by Claude Giroux and loses puck.
19:38 of 2nd period - Claude Giroux is hit by Alexander Frolov and loses puck.
19:50 of 2nd period - Penalty to Artemi Panarin is over, Artemi Panarin is back on ice.
Goals for this period are 0 for Canadiens vs 0 for Maple Leafs.
Shots for this period are 9 for Canadiens vs 4 for Maple Leafs.

3rd period


0:01 of 3rd period - Jordan Staal wins face-off versus Sidney Crosby in neutral zone.
0:18 of 3rd period - Braydon Coburn is hit by Luke Schenn and loses puck.
0:43 of 3rd period - Snap shot by Evgeny Dadonov.
0:43 of 3rd period - Deflect By Alexander Frolov.
0:43 of 3rd period - Shot Misses the Net.
0:43 of 3rd period - Puck is out of play.
0:44 of 3rd period - Jason Spezza wins face-off versus Jordan Staal in Maple Leafs zone.
1:09 of 3rd period - Mark Scheifele is hit by Sidney Crosby and loses puck.
1:16 of 3rd period - Snap shot by Sidney Crosby.
1:16 of 3rd period - Stopped by Marc-André Fleury with a rebound.
1:20 of 3rd period - Slapshot by Greg Stewart.
1:20 of 3rd period - Deflect By Sidney Crosby.
1:20 of 3rd period - Shot Hit the Post.
1:20 of 3rd period - Puck is out of play.
1:21 of 3rd period - Jordan Staal wins face-off versus Jason Spezza in Maple Leafs zone.
1:34 of 3rd period - Shaone Morrisonn is hit by Claude Giroux and loses puck.
2:10 of 3rd period - Luke Schenn is hit by Braydon Coburn and loses puck.
2:18 of 3rd period - Minor Penalty to Luke Schenn for Hooking.
2:19 of 3rd period - Sidney Crosby wins face-off versus Jordan Staal in Canadiens zone.
2:33 of 3rd period - Wrist shot by Jordan Staal.
2:33 of 3rd period - Stopped by Henrik Lundqvist with a rebound.
2:35 of 3rd period - Slapshot by Jordan Staal.
2:35 of 3rd period - Shot Misses the Net.
2:49 of 3rd period - Slapshot by Tobias Enstrom.
2:49 of 3rd period - Stopped by Henrik Lundqvist with a rebound.
3:05 of 3rd period - Greg Stewart is hit by Artemi Panarin and loses puck.
4:18 of 3rd period - Penalty to Luke Schenn is over, Luke Schenn is back on ice.
4:46 of 3rd period - Blake Comeau is hit by Brett Maclean and loses puck.
5:17 of 3rd period - Taylor Chorney is hit by Dustin Kohn and loses puck.
6:45 of 3rd period - Minor Penalty to Tobias Enstrom for Holding.
6:46 of 3rd period - Jordan Staal wins face-off versus Sidney Crosby in Maple Leafs zone.
7:01 of 3rd period - Taylor Chorney is hit by Sidney Crosby and loses puck.
8:45 of 3rd period - Penalty to Tobias Enstrom is over, Tobias Enstrom is back on ice.
8:55 of 3rd period - Slapshot by Gilbert Brule.
8:55 of 3rd period - Shot Misses the Net.
8:57 of 3rd period - Wrist shot by Gilbert Brule.
8:57 of 3rd period - Deflect By Alex Killorn.
8:57 of 3rd period - Shot Blocked by Raphael Diaz.
8:57 of 3rd period - Puck is out of play.
8:58 of 3rd period - David Jones wins face-off versus Gilbert Brule in Canadiens zone.
9:07 of 3rd period - Snap shot by Dustin Boyd.
9:07 of 3rd period - Deflect By Gilbert Brule.
9:07 of 3rd period - Shot Blocked by John Klingberg.
9:07 of 3rd period - Puck is out of play.
9:08 of 3rd period - Joe Pavelski wins face-off versus Jordan Staal in Maple Leafs zone.
9:19 of 3rd period - Slapshot by Sidney Crosby.
9:19 of 3rd period - Shot Misses the Net.
9:21 of 3rd period - Slapshot by Adam Pardy.
9:21 of 3rd period - Shot Blocked by John Klingberg.
9:23 of 3rd period - Slapshot by Greg Stewart.
9:23 of 3rd period - Shot Misses the Net.
9:25 of 3rd period - Snap shot by Greg Stewart.
9:25 of 3rd period - Shot Misses the Net.
9:35 of 3rd period - Luke Schenn is hit by Fabian Brunnstrom and loses puck.
9:40 of 3rd period - Snap shot by Fabian Brunnstrom.
9:40 of 3rd period - Shot Misses the Net.
9:42 of 3rd period - Snap shot by Ben Smith.
9:42 of 3rd period - Shot Misses the Net.
9:56 of 3rd period - Ryan Parent is hit by Evgeny Dadonov and loses puck.
10:38 of 3rd period - Off-side.
10:39 of 3rd period - Jordan Staal wins face-off versus Dustin Boyd in neutral zone.
10:50 of 3rd period - Wrist shot by Dustin Boyd.
10:50 of 3rd period - Deflect By Claude Giroux.
10:50 of 3rd period - Stopped by Marc-André Fleury with a rebound.
11:08 of 3rd period - Slapshot by Mark Scheifele.
11:08 of 3rd period - Goal by Mark Scheifele - Canadiens : 0 - Maple Leafs : 1.
11:09 of 3rd period - Sidney Crosby wins face-off versus Jordan Staal in neutral zone.
11:11 of 3rd period - Minor Penalty to Raphael Diaz for Tripping.
11:12 of 3rd period - Sidney Crosby wins face-off versus Jordan Staal in Canadiens zone.
11:26 of 3rd period - Wrist shot by Jason Spezza.
11:26 of 3rd period - Stopped by Marc-André Fleury with a rebound.
11:40 of 3rd period - Sidney Crosby is hit by Fabian Brunnstrom.
11:44 of 3rd period - Dustin Kohn is hit by Gilbert Brule and loses puck.
13:11 of 3rd period - Penalty to Raphael Diaz is over, Raphael Diaz is back on ice.
13:27 of 3rd period - Slapshot by Brett Maclean.
13:27 of 3rd period - Stopped by Marc-André Fleury with a rebound.
13:29 of 3rd period - Snap shot by Alexander Frolov.
13:29 of 3rd period - Shot Misses the Net.
13:31 of 3rd period - Wrist shot by Alexander Frolov.
13:31 of 3rd period - Shot Misses the Net.
14:01 of 3rd period - Wrist shot by Brett Maclean.
14:01 of 3rd period - Shot Misses the Net.
14:03 of 3rd period - Wrist shot by Wes O'Neill.
14:03 of 3rd period - Shot Blocked by Ryan Parent.
14:05 of 3rd period - Slapshot by Raphael Diaz.
14:05 of 3rd period - Goal by Raphael Diaz - Canadiens : 1 - Maple Leafs : 1.
14:06 of 3rd period - Sidney Crosby wins face-off versus Jordan Staal in neutral zone.
14:32 of 3rd period - Enver Lisin is hit by Fabian Brunnstrom and loses puck.
14:39 of 3rd period - Snap shot by Ben Smith.
14:39 of 3rd period - Shot Misses the Net.
14:45 of 3rd period - Snap shot by Mark Scheifele.
14:45 of 3rd period - Stopped by Henrik Lundqvist with a rebound.
14:56 of 3rd period - Minor Penalty to Alex Killorn for Interference.
14:57 of 3rd period - Claude Giroux wins face-off versus Sidney Crosby in Maple Leafs zone.
15:09 of 3rd period - Snap shot by Claude Giroux.
15:09 of 3rd period - Deflect By Raphael Diaz.
15:09 of 3rd period - Stopped by Henrik Lundqvist with a rebound.
15:11 of 3rd period - Wrist shot by Claude Giroux.
15:11 of 3rd period - Shot Misses the Net.
15:13 of 3rd period - Wrist shot by Claude Giroux.
15:13 of 3rd period - Shot Blocked by Raphael Diaz.
15:57 of 3rd period - Evgeny Dadonov is hit by Gilbert Brule.
16:13 of 3rd period - Ryan Parent is hit by Sidney Crosby and loses puck.
16:56 of 3rd period - Penalty to Alex Killorn is over, Alex Killorn is back on ice.
17:14 of 3rd period - Dustin Boyd is hit by Fabian Brunnstrom and loses puck.
18:00 of 3rd period - Dustin Boyd is hit by Marc-Édouard Vlasic and loses puck.
18:08 of 3rd period - Claude Giroux is hit by David Jones and loses puck.
18:43 of 3rd period - Zac Dalpe is hit by Raphael Diaz and loses puck.
18:54 of 3rd period - Slapshot by Brock Nelson.
18:54 of 3rd period - Goal by Brock Nelson - Canadiens : 2 - Maple Leafs : 1.
18:55 of 3rd period - Sidney Crosby wins face-off versus Artemi Panarin in neutral zone.
19:24 of 3rd period - Snap shot by Sidney Crosby.
19:24 of 3rd period - Shot Misses the Net.
19:26 of 3rd period - Slapshot by Luke Schenn.
19:26 of 3rd period - Shot Misses the Net.
19:50 of 3rd period - Snap shot by Sidney Crosby.
19:50 of 3rd period - Stopped by Marc-André Fleury without a rebound.
19:51 of 3rd period - Pat Burns call a timeout for Maple Leafs.
19:51 of 3rd period - Sidney Crosby wins face-off versus Jordan Staal in Maple Leafs zone.
Goals for this period are 2 for Canadiens vs 1 for Maple Leafs.
Shots for this period are 7 for Canadiens vs 5 for Maple Leafs.